 Dungeon Crawl Stone Soup version 0.32-a0-818-gb728d0252e (webtiles) character file.

Game seed: 6374056589235545110

114 shadizar the Magician (level 4, -4/25 HPs)
             Began as a Deep Elf Air Elementalist on Mar 24, 2024.
             Slain by Ijyb
             ... wielding a +0 club
              (5 damage)
             ... on level 3 of the Dungeon.
             The game lasted 00:02:20 (3028 turns).

shadizar the Magician (Deep Elf Air Elementalist)   Turns: 3028, Time: 00:02:20

Health: -4/25      AC:  0    Str:  5    XL:     4   Next: 66%
Magic:  12/12      EV: 14    Int: 22    God:
Gold:   99         SH:  0    Dex: 15    Spells: 10/11 levels left

rFire   . . .        c - melded staff of death
rCold   . . .        (shield currently unavailable)
rNeg    . . .        a - melded +0 robe
rPois   .            (helmet currently unavailable)
rElec   .            (cloak currently unavailable)
rCorr   .            (gloves currently unavailable)
SInv    .            (boots currently unavailable)
Will    .....        (no amulet)
Stlth   ++           f - melded ring of flight
HPRegen 0.24/turn    (ring currently unavailable)
MPRegen 0.13/turn

%: no passive effects
@: pig-form (expiring), very quick
A: fast, no casting, small
a: no special abilities


You were on level 3 of the Dungeon.
You were a filthy swine.
You visited 1 branch of the dungeon, and saw 3 of its levels.

You collected 99 gold pieces.

Inventory:

Armour
 a - a +0 robe (melded)
Magical Staves
 c - a staff of death (melded)
Jewellery
 f - a ring of flight (melded)
Scrolls
 e - 2 scrolls of teleportation {unknown}
 i - a scroll of identify {unknown}
 j - a scroll of revelation {unknown}
 k - a scroll of acquirement {unknown}
Potions
 d - a potion of degeneration {unknown}
 g - 2 potions of curing {unknown}
 h - a potion of might {unknown}


   Skills:
 + Level 1.5 Fighting
 - Level 2.4 Dodging
 - Level 2.4 Stealth
 + Level 4.2 Spellcasting
 + Level 2.5 Conjurations
 + Level 4.1 Air Magic


You had 10 spell levels left.
You knew the following spells:

 Your Spells              Type           Power      Damage    Failure   Level
a - Shock                 Conj/Air       76%        1d7       2%          1

Your spell library contained the following spells:

 Spells                   Type           Power      Damage    Failure   Level
 Static Discharge         Conj/Air       38%        3-5/arc   4%          2
 Swiftness                Air            23%        N/A       6%          3
 Hailstorm                Conj/Ice       10%        3d6       19%         3
 Airstrike                Air            11%        2d(2-18)  19%         4
 Summon Ice Beast         Ice/Summ       4%         N/A       32%         3
 Summon Mana Viper        Hex/Summ       4%         N/A       97%         5
 Permafrost Eruption      Ice/Erth       2%         2x4d2     100%        6
 Sculpt Simulacrum        Ice/Alch       2%         N/A       100%        6
 Monstrous Menagerie      Summ           2%         N/A       100%        7


Dungeon Overview and Level Annotations

Branches:
Dungeon (3/15)

Altars:
Okawaru

Annotations:
D:3 Ijyb, Robin


Message History

You closely miss Ijyb.
Ijyb is almost dead.
Ijyb barely misses you.
You hit Ijyb but do no damage.
Ijyb is almost dead.
Ijyb stops to study her wand.
Ijyb closely misses you.
You closely miss Ijyb.
Ijyb is almost dead.
Ijyb hits you with a +0 club.
You closely miss Ijyb.
Ijyb is almost dead.
Your transformation is almost over.
Ijyb hits you with a +0 club.
You closely miss Ijyb.
Ijyb is almost dead.
Ijyb hits you with a +0 club.
* * * LOW HITPOINT WARNING * * *
You hit Ijyb but do no damage.
Ijyb is almost dead.
Ijyb barely misses you.
You closely miss Ijyb.
Ijyb is almost dead.
Ijyb closely misses you.
You closely miss Ijyb.
Ijyb is almost dead.
Ijyb screams, "Time for continue experiment!"
Ijyb closely misses you.
You closely miss Ijyb.
Ijyb is almost dead.
Ijyb hits you with a +0 club.
* * * LOW HITPOINT WARNING * * *
You hit Ijyb but do no damage.
Ijyb is almost dead.
Ijyb closely misses you.
You hit Ijyb but do no damage.
Ijyb is almost dead.
Ijyb hits you with a +0 club.
You die...
Ijyb screams, "Time for next experiment!"

.......
.....$.
.......
.......
##.......
#...>....
#.g......
#h†......
#<.......
#........
#########


You could see Ijyb.

Vanquished Creatures
  6 adders
  A dart slug (D:2)
  2 ribbon worms (D:2)
  8 ball pythons
  3 endoplasms
  A giant cockroach (D:1)
  7 goblins
  5 hobgoblins
  4 kobolds (D:1)
  4 quokkas
  2 bats
  4 frilled lizards
  7 rats (D:1)
54 creatures vanquished.

Notes
Turn   | Place    | Note
-------+----------+-------------------------------------------
     0 | D:1      | shadizar the Deep Elf Air Elementalist began the quest for
                  | the Orb.
     0 | D:1      | Reached XP level 1. HP: 10/10 MP: 6/6
   223 | D:1      | Reached XP level 2. HP: 16/16 MP: 2/8
  1354 | D:2      | Reached XP level 3. HP: 20/20 MP: 6/10
  1617 | D:2      | Found an iron altar of Okawaru.
  1645 | D:2      | Reached skill level 1 in Fighting
  1944 | D:2      | Reached XP level 4. HP: 23/25 MP: 6/11
  2759 | D:3      | Noticed Ijyb
  2760 | D:3      | Noticed Robin
  3026 | D:3      | HP: 1/25 [Ijyb/+0 club (6)]
  3028 | D:3      | Slain by Ijyb

Illustrated notes

Levels and vault maps discovered:
D:1:      minmay_arrival_shoal_huts, layout_basic, serial_rivers,
          chequers_serial_rivers_marsh, chequers_serial_rivers_small_b,
          chequers_serial_rivers_micro_e, chequers_serial_rivers_micro_a,
          chequers_serial_rivers_small_b, minmay_bisected
D:2:      layout_basic, basic_altar
D:3:      layout_rooms, serial_bayou_pond_e, nicolae_goblin_pals, uniq_pargi

Skill      XL: |  1  2  3  4 |
---------------+-------------+-----
Fighting       | 1 |  1.5
Conjurations   | 2 |  2.5
Air Magic      | 4 |  4.1
Spellcasting   | 4 |  4.2
Dodging        | |  2.4
Stealth        | |  2.4

Action                     |  1- 3 |  4- 6 || total
---------------------------+-------+-------++-------
  Melee: Staff             |     3 |    11 ||    14
         Unarmed           |       |    12 ||    12
   Cast: Shock             |    88 |    49 ||   137
    Use: Potion            |       |     1 ||     1
 Armour: Robe              |     7 |    21 ||    28
         Skin              |       |    19 ||    19
  Dodge: Dodged            |     2 |    24 ||    26

Table legend: (Time is in decaauts)
 A = Elapsed time spent in this place.
 B = Non-inter-level travel time spent in this place.
 C = Inter-level travel time spent in this place.
 D = Time resting spent in this place.
 E = Time spent auto-exploring this place.
 F = Levels seen in this place.
 G = Mean time per level.
                   A        B        C        D        E       F      G
               +--------+--------+--------+--------+--------+-----+--------+
         Total |   3037 |   2986 |     51 |      0 |   2644 |   3 | 1012.3 |
       Dungeon |   3037 |   2986 |     51 |      0 |   2644 |   3 | 1012.3 |
               +--------+--------+--------+--------+--------+-----+--------+

Top non-repeatable levels by time:
     D:1: 1346 daAuts
     D:2: 1327 daAuts
     D:3: 363 daAuts
